 Dungeon Sprint DCSS version 0.23-a0-391-g8c51ad5 (webtiles) character file.

188 emperorscorpion the Covert (level 5, -1/26 HPs)
             Began as a Vine Stalker Enchanter on Oct 21, 2018.
             Was a High Priest of Uskayaw.
             Slain by a troll (3 damage)
             ... in the Dungeon (Sprint IX: "|||||||||||||||||||||||||||||") on Oct 30, 2018.
             The game lasted 00:02:05 (394 turns).

emperorscorpion the Covert (Vine Stalker Enchanter)  Turns: 394, Time: 00:02:06

Health: -1/26      AC: 14    Str: 11    XL:     5   Next: 67%
Magic:  0/9        EV:  6    Int: 15    God:    Uskayaw [*****.]
Gold:   0          SH:  0    Dex: 15    Spells: 8/9 levels left

rFire    . . .     SeeInvis .   a - +2 rapier (distort)
rCold    . . .     Gourm    .   (no shield)
rNeg     . . .     Faith    .   r - +1 chain mail
rPois    .         Spirit   +   (no helmet)
rElec    .         Reflect  .   (no cloak)
rCorr    .         Harm     .   q - +0 pair of gloves
MR       .....     NoTele   +   (no boots)
Stlth    +.........             (no amulet)
HPRegen  0.48/turn              s - +2 ring of protection
MPRegen  0.11/turn              t - +2 ring of protection

@: no status effects
A: fangs 2, regeneration 1, magic shield, antimagic bite, no potion heal 3, rot
immunity
a: Stomp, Line Pass, Grand Finale, Renounce Religion


You were in the Dungeon.
You worshipped Uskayaw.
Uskayaw was noncommittal.
You were not hungry.

You visited 1 branch

Inventory:

Hand Weapons
 a - a +2 rapier of distortion (weapon)
 o - a +1 dagger
 p - a +2 scimitar of holy wrath
Armour
 b - a +0 robe
 q - a +0 pair of gloves (worn)
 r - a +1 chain mail (worn)
Magical Staves
 n - an uncursed staff of energy
Jewellery
 s - a +2 ring of protection (left hand)
 t - a +2 ring of protection (right hand)
Wands
 m - a wand of acid (10)
Scrolls
 j - 2 scrolls of blinking
 k - 3 scrolls of remove curse
 l - 2 scrolls of amnesia
Potions
 e - 5 potions of curing
 f - 3 potions of heal wounds
 g - a potion of haste
 h - 4 potions of magic
 i - a potion of invisibility
Comestibles
 c - 3 chunks of flesh
 d - a ration


   Skills:
 + Level 2.2 Fighting
 + Level 5.0 Short Blades
 + Level 0.1 Armour
 + Level 4.4 Dodging
 + Level 8.5 Stealth
 - Level 2.6 Spellcasting
 - Level 3.8 Hexes
 * Level 3.9 Invocations


You had 8 spell levels left.
You knew the following spells:

 Your Spells              Type           Power        Failure   Level  Hunger
a - Corona                Hex            ##.....      95%         1    #......

Your spell library contained the following spells:

 Spells                   Type           Power        Failure   Level  Hunger
 Ensorcelled Hibernation  Hex/Ice        #.....       100%        2    ###....
 Confuse                  Hex            ##......     100%        3    ###....
 Dazzling Spray           Conj/Hex       #.....       100%        3    ###....
 Tukima's Dance           Hex            ##......     100%        3    ###....


Dungeon Overview and Level Annotations

Branches:
Dungeon (1/1)

Altars:
Cheibriados
Dithmenos
Elyvilon
Fedhas
Gozag
Hepliaklqana
Kikubaaqudgha
Makhleb
Nemelex Xobeh
Okawaru
Qazlal
Ru
Sif Muna
Trog
Uskayaw
Vehumet
Wu Jian
Xom
Yredelemnul
Zin
The Shining One
Beogh
Jiyva
Lugonu


Innate Abilities, Weirdness & Mutations

You have extremely sharp teeth.
Your natural rate of healing is unusually fast.
When hurt, damage is shared between your health and your magic reserves.
Your bite disrupts and absorbs the magic of your enemies.
Potions cannot restore your health.
You are immune to rotting.


Message History

Unknown command.
You hit the troll.
Space bends around the troll.
You bite the troll. You drain its power.
You feel invigorated.
The troll is moderately wounded.
The troll bites you! The troll claws you but does no damage.
The troll barely misses you.
You hit the troll.
The troll is moderately wounded.
The troll blinks!
You hit the jelly.
Your hands burn!
You bite the jelly.
You kill the jelly!
Your Short Blades skill increases to level 5!
You can now merge with and destroy a victim.
You hit the troll but do no damage.
Space bends around the troll.
The troll is heavily wounded.
The troll is no longer sharing its pain.
The troll bites you!
* * * LOW HITPOINT WARNING * * *
The troll claws you.
You die... ▓▓▓▓▓▓▓▓▓▓▓▓▓▓▓▓▓▓▓▓▓▓▓▓ +.....§@T..[.)...'______ ▓▓▓▓▓▓▓▓▓▓▓▓▓▓▓▓▓▓▓▓▓▓▓▓

You could see a troll.

Vanquished Creatures
  An orc warrior (D)
  A crimson imp (D)
  A jelly (D)
  A dart slug (D)
  An orc (D)
  3 bat skeletons (D)
  A goblin (D)
  A jackal (D)
  A bat (D)
  A giant cockroach zombie (D)
  A rat (D)
13 creatures vanquished.

Vanquished Creatures (others)
  A worker ant (D)
1 creature vanquished.

Grand Total: 14 creatures vanquished

Notes
Turn   | Place    | Note
-------+----------+-------------------------------------------
     0 | D        | emperorscorpion the Vine Stalker Enchanter began the quest
                  | for the Orb.
     0 | D        | Reached XP level 1. HP: 9/9 MP: 4/4
     9 | D        | Reached skill level 4 in Stealth
    17 | D        | Reached skill level 1 in Short Blades
    21 | D        | Reached XP level 2. HP: 3/13 MP: 1/6
   258 | D        | Noticed a crimson imp
   268 | D        | Reached skill level 5 in Stealth
   300 | D        | Killed a crimson imp
   300 | D        | Reached skill level 6 in Stealth
   300 | D        | Reached XP level 3. HP: 17/17 MP: 7/7
   311 | D        | Found a roughly hewn altar of Beogh.
   311 | D        | Found a snail-covered altar of Cheibriados.
   311 | D        | Found a shadowy altar of Dithmenos.
   311 | D        | Found a white marble altar of Elyvilon.
   311 | D        | Found a blossoming altar of Fedhas.
   311 | D        | Found an opulent altar of Gozag.
   312 | D        | Found a hazy altar of Hepliaklqana.
   313 | D        | Found a viscous altar of Jiyva.
   314 | D        | Found an ancient bone altar of Kikubaaqudgha.
   315 | D        | Found a corrupted altar of Lugonu.
   316 | D        | Found a burning altar of Makhleb.
   317 | D        | Found a sparkling altar of Nemelex Xobeh.
   318 | D        | Found an iron altar of Okawaru.
   319 | D        | Found a stormy altar of Qazlal.
   320 | D        | Found a sacrificial altar of Ru.
   321 | D        | Found a deep blue altar of Sif Muna.
   322 | D        | Found a bloodstained altar of Trog.
   323 | D        | Found a hide-covered altar of Uskayaw.
   324 | D        | Found a radiant altar of Vehumet.
   325 | D        | Found an ornate altar of the Wu Jian Council.
   326 | D        | Found a shimmering altar of Xom.
   327 | D        | Found a basalt altar of Yredelemnul.
   328 | D        | Found a glowing silver altar of Zin.
   329 | D        | Found a glowing golden altar of the Shining One.
   331 | D        | Became a worshipper of Uskayaw the Reveler
   376 | D        | Noticed a troll
   376 | D        | Noticed an orc warrior
   376 | D        | Noticed an eye of draining
   380 | D        | Reached * piety under Uskayaw
   384 | D        | Reached ** piety under Uskayaw
   387 | D        | Reached skill level 1 in Fighting
   387 | D        | Gained mutation: Your natural rate of healing is unusually
                  | fast. [Vine Stalker growth]
   387 | D        | Reached XP level 4. HP: 18/22 MP: 1/8
   388 | D        | Upgraded the game from 0.23-a0-356-g1757c6e to
                  | 0.23-a0-375-g66a18ee
   388 | D        | Upgraded the game from 0.23-a0-375-g66a18ee to
                  | 0.23-a0-391-g8c51ad5
   389 | D        | Reached *** piety under Uskayaw
   390 | D        | Killed an orc warrior
   390 | D        | Reached skill level 8 in Stealth
   390 | D        | Reached XP level 5. HP: 23/26 MP: 1/9
   390 | D        | Reached **** piety under Uskayaw
   393 | D        | Reached skill level 5 in Short Blades
   393 | D        | Reached ***** piety under Uskayaw
   394 | D        | Slain by a troll

Vault maps used:
D:        linesprint

Skill      XL: |  1  2  3  4  5 |
---------------+----------------+-----
Stealth        | 4 6 8 |  8.5
Short Blades   | 1 2 3 4 5 |  5.0
Dodging        | 3 4 |  4.4
Fighting       | 1 2 |  2.2
Invocations    | 3 |  3.9
Armour         | |  0.1
Spellcasting   | |  2.6
Hexes          | |  3.8

Action                   |  1- 3 |  4- 6 || total
-------------------------+-------+-------++-------
Melee: Dagger            |    45 |       ||    45
       Bite              |    15 |     2 ||    17
       Rapier            |    10 |     7 ||    17
 Cast: Corona            |     3 |       ||     3
  Use: Potion            |     1 |       ||     1
 Stab: Paralysed         |       |     1 ||     1
Armor: Robe              |    12 |       ||    12
       Chain mail        |    13 |     3 ||    16
Dodge: Dodged            |    33 |     3 ||    36

Table legend:
 A = Non-vault XP
 B = Vault XP
 C = Vault XP percentage of total XP
 D = Non-vault monster count
 E = Vault monster count
 F = Vault count percentage of total count
                 A         B        C        D         E       F
            +---------+---------+-------+---------+---------+-------
      Total |       0 |     269 | 100.0 |       0 |      14 | 100.0
            +---------+---------+-------+---------+---------+-------
          D |       0 |     269 | 100.0 |       0 |      14 | 100.0
            +---------+---------+-------+---------+---------+-------
